 Dungeon Crawl Stone Soup version 0.17-a0-2231-gd80ca38 (webtiles) character file.

3353 kae the Fencer (level 9, -6/54 HPs)
             Began as a High Elf Skald on Oct 29, 2015.
             Was a Follower of Qazlal.
             Mangled by a wyvern (16 damage)
             ... on level 8 of the Dungeon.
             The game lasted 00:16:49 (10339 turns).

kae the Fencer (High Elf Skald)                    Turns: 10339, Time: 00:16:49

Health: -6/54      AC:  5    Str: 11    XL:     9   Next: 72%
Magic:  13/13      EV: 11    Int: 18    God:    Qazlal [*.....]
Gold:   160        SH:  1    Dex: 19    Spells: 2 memorised, 9 levels left

rFire  + . .     SeeInvis .     x - +2 great sword (vamp)
rCold  . . .     Rnd*Rage +     b - +0 leather armour
rNeg   . . .     SustAt   .     (no shield)
rPois  .         Gourm    .     s - +0 helmet
rElec  .         Spirit   .     g - +0 cloak
rCorr  .         Warding  .     (no gloves)
rMut   .         Stasis   .     (no boots)
MR     .....                    j - amulet of rage
Stlth  +.........               e - +2 ring of dexterity
                                h - ring of protection from fire

@: very slightly contaminated, not resistant to hostile enchantments, very
unstealthy
A: hooves 1, berserk 1
a: Renounce Religion, Evoke Berserk Rage


You were on level 8 of the Dungeon.
You worshipped Qazlal.
Qazlal was aware of your devotion.
You were not hungry.

You visited 2 branches of the dungeon, and saw 9 of its levels.
You visited the Abyss 1 time.

You collected 308 gold pieces.
You spent 148 gold pieces at shops.

Inventory:

Hand Weapons
 a - a +1 falchion
 n - a +0 long sword
 x - a +2 vampiric great sword (weapon)
Armour
 b - a +0 leather armour (worn)
 g - a +0 cloak (worn)
 i - a +3 buckler
 s - a +0 helmet (worn)
Jewellery
 e - a +2 ring of dexterity (right hand)
 f - an uncursed amulet of clarity
 h - a ring of protection from fire (left hand)
 j - an amulet of rage (around neck)
 K - an uncursed ring of ice {unknown}
Wands
 q - a wand of cold (0)
 v - a wand of frost (18)
 y - a wand of frost (25)
 D - a wand of enslavement (8)
 E - a wand of cold (6)
 F - a wand of fire (5)
 J - a wand of digging (5)
Scrolls
 m - 5 scrolls of identify
 o - 7 scrolls of remove curse
 p - a scroll of enchant armour
 t - a scroll of magic mapping
 w - 2 scrolls of amnesia
 G - a scroll of brand weapon {unknown}
Potions
 l - a potion of flight
 H - a potion of berserk rage
Books
 c - a book of Battle

   Spells                             Type                      Level
   a - Infusion                       Charms                       1
   b - Shroud of Golubria             Charms/Translocation         2
   c - Song of Slaying                Charms                       2
   d - Spectral Weapon                Hexes/Charms                 3
   e - Regeneration                   Charms/Necromancy            3
 u - a book of Geomancy

   Spells                             Type                      Level
   a - Sandblast                      Earth                        1
   b - Stoneskin                      Transmutation/Earth          2
   c - Passwall                       Transmutation/Earth          3
   d - Stone Arrow                    Conjuration/Earth            3
   e - Petrify                        Transmutation/Earth          4
   f - Lee's Rapid Deconstruction     Earth                        5
 A - a book of Conjurations

   Spells                             Type                      Level
   a - Magic Dart                     Conjuration                  1
   b - Searing Ray                    Conjuration                  2
   c - Dazzling Spray                 Conjuration/Hexes            3
   d - Fulminant Prism                Conjuration/Hexes            4
   e - Iskenderun's Mystic Blast      Conjuration                  4
   f - Iskenderun's Battlesphere      Conjuration/Charms           5
 C - a book of Summonings

   Spells                             Type                      Level
   a - Recall                         Summoning/Translocation      3
   b - Aura of Abjuration             Summoning                    5
   c - Shadow Creatures               Summoning                    5
   d - Summon Demon                   Summoning                    5
   e - Summon Forest                  Summoning/Translocation      5
   f - Summon Mana Viper              Hexes/Summoning              5
Comestibles
 d - 5 bread rations
 k - 2 meat rations
 r - 2 beef jerkies
 I - 2 chunks of flesh


   Skills:
 - Level 2.0 Fighting
 + Level 15.6 Long Blades
 - Level 0.8 Armour
 - Level 1.1 Dodging
 - Level 2.4 Spellcasting
 - Level 3.6 Charms


You had 9 spell levels left.
You knew the following spells:

 Your Spells              Type           Power        Failure   Level  Hunger
a - Infusion              Chrm           ###...       6%          1    #......
b - Shroud of Golubria    Chrm/Tloc      #.........   21%         2    ##.....


Dungeon Overview and Level Annotations

Branches:
Dungeon (8/15)             Temple (1/1) D:6
   Lair: D:8-11

Altars:
Ashenzari
Cheibriados
Dithmenos
Elyvilon
Fedhas
Gozag
Kikubaaqudgha
Makhleb
Nemelex Xobeh
Okawaru
Qazlal
Ru
Trog
Vehumet
Xom
Yredelemnul
Zin
The Shining One

Shops:
D:4 [   D:5 =   D:6 [

Annotations:
D:4 Eustachio


Innate Abilities, Weirdness & Mutations

You have large cloven feet.
You tend to lose your temper in combat.


Message History

* * * LOW HITPOINT WARNING * * *
Read which item? (? for menu, Esc to quit)
Okay, then.
Evoke which item? (* to show all) (? for menu, Esc to quit)
Okay, then.
Drink which item? (? for menu, Esc to quit)
Okay, then.
Evoke which item? (* to show all) (? for menu, Esc to quit)
Okay, then.
Read which item? (? for menu, Esc to quit)
Blink to where?
Press: ? - help, Dir - move target cursor You are very lightly contaminated with residual magic.
As you read the scroll labeled YGIPRO HUXE, it crumbles to dust.
It was a scroll of blinking.
The wyvern closely misses you.
You see here a hat.
The wyvern bites you but does no damage.
The wyvern bites you!
You die...

#..# #.##########.
#.l..........
########.##.........
.........##.########
###########[# #.#
#.#### #.l@.# ####.#
#.# ## #.# #.. #.#
#.# #.# #.# #.# #.#
#.# #.# #.# #.# #.#
#.# #.###.# #.# #.#
#.....# #.# #.#


You could see a wyvern.

Vanquished Creatures
  Erolcha (D:8)
  Prince Ribbit (D:5)
  The ghost of Raultor the Sneak, an amateur OpEn of Dithmenos (D:6)
  A hippogriff (D:7)
  Edmund (D:6)
  2 black bears
  An ice beast (D:7)
  A phantom (D:8)
  A centaur (D:7)
  4 ogres
  2 big kobolds
  A gnoll sergeant (D:7)
  A giant frog (D:5)
  5 crimson imps (D:5)
  2 hounds
  A jelly (D:6)
  2 orc priests
  6 orc wizards
  Natasha (thrice) (D:2 D:3)
  6 worker ants
  9 gnolls
  7 adders
  2 shadow imps (D:5)
  2 oozes
  2 adder skeletons
  A worm (D:3)
  6 giant geckos
  23 orcs
  3 ball pythons
  20 bats
  5 giant cockroaches
  13 goblins
  8 hobgoblins
  6 jackals
  4 quokkas
  A giant cockroach zombie (D:4)
  A giant gecko skeleton (D:5)
  9 giant newts
  17 kobolds
  4 rats
186 creatures vanquished.

Vanquished Creatures (others)
  An adder (D:6)
  A bush (D:4)
2 creatures vanquished.

Grand Total: 188 creatures vanquished

Notes
Turn   | Place    | Note
--------------------------------------------------------------
     0 | D:1      | kae the High Elf Skald began the quest for the Orb.
     0 | D:1      | Reached XP level 1. HP: 14/14 MP: 4/4
   302 | D:1      | Reached XP level 2. HP: 14/19 MP: 1/6
   478 | D:1      | Reached skill level 4 in Long Blades
   799 | D:1      | Reached XP level 3. HP: 18/24 MP: 7/7
   917 | D:2      | Noticed Natasha
   927 | D:2      | Killed Natasha
   927 | D:2      | Reached skill level 5 in Long Blades
  1165 | D:2      | Noticed Natasha
  1176 | D:2      | Killed Natasha
  1325 | D:2      | Reached XP level 4. HP: 19/29 MP: 3/8
  2256 | D:2      | Reached skill level 6 in Long Blades
  2502 | D:2      | Reached XP level 5. HP: 26/34 MP: 9/9
  2894 | D:3      | Learned a level 2 spell: Shroud of Golubria
  3180 | D:3      | Noticed Natasha
  3218 | D:3      | Killed Natasha
  3489 | D:4      | Reached skill level 7 in Long Blades
  3520 | D:4      | Noticed Eustachio
  4105 | D:4      | Found Emuuh's Armour Emporium.
  4158 | D:4      | Reached skill level 8 in Long Blades
  4158 | D:4      | Reached XP level 6. HP: 37/39 MP: 4/10
  4544 | D:5      | Entered Level 5 of the Dungeon
  4557 | D:5      | Noticed Prince Ribbit
  4600 | D:5      | Gained mutation: You tend to lose your temper in combat. [potion of mutation]
  4600 | D:5      | Gained mutation: You have large cloven feet. [potion of mutation]
  4619 | D:5      | Killed Prince Ribbit
  4619 | D:5      | Reached skill level 9 in Long Blades
  4619 | D:5      | Reached XP level 7. HP: 8/45 MP: 11/11
  5503 | D:5      | Reached skill level 10 in Long Blades
  6125 | D:5      | Reached skill level 11 in Long Blades
  6204 | D:5      | Found Dibegeiz's Jewellery Boutique.
  6224 | D:5      | Reached XP level 8. HP: 50/50 MP: 6/12
  6490 | D:5      | Bought a cursed -3 ring of dexterity for 22 gold pieces
  6490 | D:5      | Bought a cursed -2 ring of intelligence for 22 gold pieces
  6490 | D:5      | Bought a cursed amulet of inaccuracy for 22 gold pieces
  6494 | D:5      | Bought a +2 ring of dexterity for 82 gold pieces
  7094 | D:6      | Noticed Raultor's ghost (amateur OpEn)
  7557 | D:5      | Reached skill level 12 in Long Blades
  7610 | D:6      | Found a staircase to the Ecumenical Temple.
  7619 | Temple   | Entered the Ecumenical Temple
  7707 | Temple   | Became a worshipper of Qazlal Stormbringer
  7809 | D:6      | Noticed Edmund
  7839 | D:6      | Killed Edmund
  8070 | D:6      | Found Wesy's Antique Armour Shop.
  8140 | D:6      | Killed Raultor's ghost
  8140 | D:6      | Reached skill level 13 in Long Blades
  8374 | D:6      | Found a shimmering altar of Xom.
  8927 | D:7      | Reached XP level 9. HP: 43/54 MP: 13/13
  9031 | D:7      | Found a bloodstained altar of Trog.
  9035 | D:7      | Found an ancient bone altar of Kikubaaqudgha.
  9531 | D:7      | Reached skill level 14 in Long Blades
  9707 | D:8      | Found an opulent altar of Gozag.
  9729 | D:8      | Noticed Erolcha
  9771 | D:7      | Reached * piety under Qazlal
  9938 | D:8      | Cast into the Abyss (Erolcha)
  9951 | D:8      | Escaped the Abyss
  9958 | D:8      | Killed Erolcha
  9958 | D:8      | Reached skill level 15 in Long Blades
 10261 | D:8      | Found an iron altar of Okawaru.
 10261 | D:8      | Found a shadowy altar of Dithmenos.
 10262 | D:8      | Found a snail-covered altar of Cheibriados.
 10331 | D:8      | HP: 2/54 [wyvern (18)]
 10339 | D:8      | Mangled by a wyvern

Vault maps used:
D:1:      mainiacjoe_arrival_reflecting_pool, st_stairs_1
D:2:      st_stairs_11, roderic_roman_lattice, feat_on_display, uniq_natasha
D:4:      serial_shops, shop_fountains, lexackson_kobold_supper, uniq_eustachio
D:5:      first_bread, serial_shops, shop, uniq_prince_ribbit1
D:6:      lemuel_temple_firewalk_marked, serial_shops,
          nicolae_shop_window_shopping, roderic_digamma_sauvastika, tgw_xom,
          uniq_edmund
D:7:      grunt_temple_overflow_open
D:8:      nicolae_overflow_quartered_altars, lemuel_doored_altar, serial_shops,
          shop, nicolae_shop_stone, hex_medium, uniq_erolcha, uniq_erica
Temple:   zaba_magenta_temple_12

Action                   |  1- 3 |  4- 6 |  7- 9 || total
-------------------------+-------+-------+-------++-------
Melee: Falchion          |   117 |   319 |   288 ||   724
       Great sword       |       |       |    99 ||    99
 Cast: Infusion          |     6 |    16 |    19 ||    41
 Abil: Evoke Berserk Rag |       |       |     1 ||     1
Evoke: Wand              |       |       |     4 ||     4
  Use: Scroll            |     3 |     6 |     3 ||    12
       Potion            |       |     8 |     1 ||     9
 Stab: Sleeping          |       |     2 |       ||     2
       Distracted        |       |       |     1 ||     1
  Eat: Chunk             |     2 |    11 |    21 ||    34
       Fruit             |       |       |     4 ||     4
       Royal jelly       |       |       |     1 ||     1
